 Dungeon Crawl Stone Soup version 0.15-a0-1363-g87d8b17 (webtiles) character file.

61 Quh the Shooter (level 3, 0/26 HPs)
             Began as a Demonspawn Hunter on June 9, 2014.
             Killed by divine providence
             ... invoked by an orc priest
              (12 damage)
             ... on Level 3 of the Dungeon.
             The game lasted 00:09:21 (2458 turns).

Quh the Shooter (Demonspawn Hunter)                 Turns: 2458, Time: 00:09:22

HP   0/26        AC  5     Str 13      XL: 3   Next: 83%
MP   3/3         EV 11     Int 12      God:
Gold 59          SH  0     Dex 13      Spells:  0 memorised,  2 levels left

rFire  . . .     SeeInvis .     a - +0 short sword
rCold  . . .     Clarity  .     k - +1 leather armour
rNeg   + . .     rCorr    .     (no shield)
rPois  .         rRot     .     (no helmet)
rElec  .         Spirit   .     n - +0 cloak
SustAb .         Warding  .     (no gloves)
rMut   .         Stasis   .     (no boots)
Gourm  .                        (no amulet)
MR     .....                    (no ring)
                                r - ring of positive energy

@: lethally poisoned, not resistant to hostile enchantments, very unstealthy
A: claws 1, demonic guardian 1
a: no special abilities


You were on level 3 of the Dungeon.
You were not hungry.

You visited 1 branch of the dungeon, and saw 3 of its levels.

You collected 59 gold pieces.

Inventory:

Hand weapons
 a - a +0,+0 short sword (weapon)
 b - a +1,+1 shortbow
Missiles
 c - 19 arrows
Armour
 d - a +0 leather armour
 k - a +1 leather armour (worn)
 l - a +0 leather armour
 n - a +0 cloak (worn)
Comestibles
 f - 3 bread rations
 u - 4 fruits
 x - a chunk of quokka flesh
Scrolls
 e - a scroll of teleportation {unknown}
 g - 2 scrolls of enchant armour {unknown}
 m - a scroll of remove curse {unknown}
 o - a scroll of magic mapping {unknown}
 p - 3 scrolls of identify
 v - a scroll of recharging {unknown}
Jewellery
 r - a ring of positive energy (left claw)
Potions
 h - 2 potions of agility {unknown}
 i - 2 potions of might
 j - a potion of brilliance {unknown}
 q - a potion of cure mutation {unknown}
 s - a potion of heal wounds
 t - a potion of curing {unknown}
 w - a potion of lignification {unknown}


   Skills:
 - Level 1.0 Fighting
 * Level 5.0 Bows
 - Level 1.7 Dodging
 - Level 0.8 Stealth


You had 2 spell levels left.
You didn't know any spells.

Dungeon Overview and Level Annotations

Branches:
Dungeon (3/15)

Altars:
Yredelemnul


Innate Abilities, Weirdness & Mutations

You have sharp fingernails.
A weak demonic guardian rushes to your aid.


Message History

You hit the giant newt.
You kill the giant newt!
You feel sick.
A kobold comes into view.
You feel sick.
The kobold shouts!
Found a short sword.
Things that are here:
an uncursed blowgun; a poisoned needle; a kobold corpse You feel sick.
You feel sick.
You feel sick.
You closely miss the kobold. The kobold misses you.
An orc priest comes into view. It is wielding a glowing dagger.
You hit the kobold.
You kill the kobold!
You feel sick.
The orc priest calls down the wrath of Beogh upon you.
Something smites you!
You die...

#.........# ###
#.........# ##..
#######.### #..
#..# #.# ##.#
##.#
##.###..######.
#...((.......%.
##((##.5........
#....@).......#
#....##.[....#.
#.............
#..............
.[$o.........?..
................
........#....)
......<.....
#### .


You could see an orc priest and a friendly white imp.

Vanquished Creatures
  2 big fish zombies (D:2)
  2 giant geckos (D:1)
  5 giant cockroaches
  4 goblins
  7 hobgoblins
  6 kobolds
  A quokka (D:3)
  A ball python (D:3)
  3 bats
  A giant newt (D:3)
  7 rats
39 creatures vanquished.

Notes
Turn   | Place    | Note
--------------------------------------------------------------
     0 | D:1      | Quh, the Demonspawn Hunter, began the quest for the Orb.
     0 | D:1      | Reached XP level 1. HP: 15/15 MP: 1/1
   483 | D:1      | Reached skill level 4 in Bows
   496 | D:1      | Gained mutation: A weak demonic guardian rushes to your aid. [demonic ancestry]
   496 | D:1      | Reached XP level 2. HP: 15/21 MP: 2/2
  1463 | D:2      | Gained mutation: You have sharp fingernails. [demonic ancestry]
  1463 | D:2      | Reached XP level 3. HP: 24/26 MP: 3/3
  2011 | D:2      | Found a basalt altar of Yredelemnul.
  2397 | D:3      | Reached skill level 5 in Bows
  2458 | D:3      | Killed from afar by an orc priest

Action                   || total
-------------------------++-------
Melee: Short sword       ||   187
 Fire: Shortbow          ||     6
  Use: Scroll            ||     2
 Stab: Sleeping          ||     2
